 Dungeon Crawl Stone Soup version 0.23.2-40-g277498a001 (webtiles) character file.

Game seed: 2775256035240852046

55 Martska the Skirmisher (level 3, -3/34 HPs)
             Began as a Hill Orc Fighter on Oct 1, 2019.
             Slain by an iguana (8 damage)
             ... on level 2 of the Dungeon.
             The game lasted 00:02:57 (914 turns).

Martska the Skirmisher (Hill Orc Fighter)            Turns: 914, Time: 00:02:58

Health: -3/34      AC:  6    Str: 19    XL:     3   Next: 93%
Magic:  3/3        EV:  7    Int:  8    God:
Gold:   26         SH:  9    Dex: 10    Spells: 2/2 levels left

rFire    . . .     SeeInvis .   a - +0 war axe
rCold    . . .     Gourm    .   c - +0 shield
rNeg     . . .     Faith    .   b - +0 scale mail
rPois    .         Spirit   .   (no helmet)
rElec    .         Reflect  .   (no cloak)
rCorr    .         Harm     .   (no gloves)
MR       .....                  (no boots)
Stlth    ..........             (no amulet)
HPRegen  0.11/turn              (no ring)
MPRegen  0.08/turn              (no ring)

@: marked
A: no striking features
a: no special abilities


You were on level 2 of the Dungeon.
You were not hungry.

You visited 1 branch of the dungeon, and saw 2 of its levels.

You collected 26 gold pieces.

Inventory:

Hand Weapons
 a - a +0 war axe (weapon)
Missiles
 k - 2 throwing nets (quivered)
Armour
 b - a +0 scale mail (worn)
 c - a +0 shield (worn)
Scrolls
 e - a scroll of identify {unknown}
 g - a scroll of fear {unknown}
 h - a scroll of immolation {unknown}
 i - a scroll of remove curse {unknown}
Potions
 d - a potion of might
 j - a potion of haste {unknown}
Comestibles
 f - a ration


   Skills:
 * Level 4.5 Fighting
 * Level 3.8 Axes
 + Level 3.6 Armour
 + Level 3.6 Shields


You had 2 spell levels left.
You didn't know any spells.
Your spell library was empty.

Dungeon Overview and Level Annotations

Branches:
Dungeon (2/15)

Altars:
Xom

Annotations:
D:2 Terence


Message History

Terence is lightly wounded.
You barely miss the iguana. You block Terence's attack. The iguana bites you!
Terence barely misses you.
You hit Terence.
Terence is moderately wounded.
You hit the iguana but do no damage. You block Terence's attack.
You block the iguana's attack. Terence hits you but does no damage.
The iguana bites you.
You barely miss Terence.
Terence is moderately wounded.
Your shield and scale mail prevent you from hitting the iguana.
Terence hits you but does no damage. The iguana bites you!
* * * LOW HITPOINT WARNING * * *
You block Terence's attack.
You hit Terence.
Terence is moderately wounded.
You slash the iguana! Terence hits you but does no damage.
The giant cockroach waves its antennae.
The iguana bites you!
You die...

...###.###'## #.#
#..##.# #.# ##.##.#
#.###≈..### ###
#.##.#♣_≈## ...
#.#≈..♣≈..# ###.s
#.#§#_#♣♣†##
#...sh#######..≈≈._#_≈^.
....bh@@lg(...#._.#_..#.
###..#####....#.≈^....#.
... #....##.#_.^## #
#.....##_≈.##
#......##^## #.........#
######.?..# #....#
#....#


You could see Terence (berserk), an iguana, 2 jackals, 2 giant cockroaches, a
goblin and a bat.

Vanquished Creatures
  2 oozes (D:1)
  A leopard gecko (D:1)
  A ball python (D:1)
  A giant cockroach (D:1)
  8 goblins
  4 hobgoblins (D:1)
  6 jackals
  6 kobolds
  A quokka (D:2)
  3 bats (D:1)
  2 frilled lizards (D:1)
  5 rats (D:1)
40 creatures vanquished.

Notes
Turn   | Place    | Note
-------+----------+-------------------------------------------
     0 | D:1      | Martska the Hill Orc Fighter began the quest for the Orb.
     0 | D:1      | Reached XP level 1. HP: 19/19 MP: 1/1
   100 | D:1      | Reached XP level 2. HP: 27/27 MP: 2/2
   152 | D:1      | Reached skill level 4 in Fighting
   398 | D:1      | Reached XP level 3. HP: 33/33 MP: 3/3
   860 | D:2      | Found a shimmering altar of Xom.
   862 | D:2      | Found a shimmering altar of Xom.
   862 | D:2      | Found a shimmering altar of Xom.
   865 | D:2      | Found a shimmering altar of Xom.
   865 | D:2      | Found a shimmering altar of Xom.
   866 | D:2      | Found a shimmering altar of Xom.
   869 | D:2      | Found a shimmering altar of Xom.
   869 | D:2      | Found a shimmering altar of Xom.
   903 | D:2      | Noticed Terence
   914 | D:2      | Slain by an iguana

Skill      XL: |  1  2 |
---------------+-------+-----
Axes           | 3 |  3.8
Fighting       | 4 |  4.5
Armour         | |  3.6
Shields        | |  3.6

Action                   || total
-------------------------++-------
Melee: War axe           ||   120
Armor: Scale mail        ||    63
Dodge: Dodged            ||    44
Block: Shield            ||    77
